 Dungeon Crawl Stone Soup version 0.22-a0-460-g49b1da7e92 (webtiles) character file.

413 Oravi the Gusty (level 6, -10/33 HPs)
             Began as a Tengu Air Elementalist on June 9, 2018.
             Mangled by NoiZ's ghost (11 damage)
             ... on level 3 of the Dungeon.
             The game lasted 00:14:07 (2665 turns).

Oravi the Gusty (Tengu Air Elementalist)            Turns: 2665, Time: 00:14:11

Health: -10/33     AC:  3    Str:  9    XL:     6   Next: 90%
Magic:  5/12       EV: 13    Int: 21    God:
Gold:   157        SH:  0    Dex: 14    Spells: 2/12 levels left

rFire    . . .     SeeInvis .   w - +0 war axe (elec)
rCold    . . .     Gourm    .   (no shield)
rNeg     . . .     Faith    .   a - +0 robe
rPois    .         Spirit   .   (helmet restricted)
rElec    .         Reflect  .   (no cloak)
rCorr    .         Harm     .   l - +0 pair of gloves
MR       .....                  (boots unavailable)
Stlth    ++........             (no amulet)
HPRegen  0.11/turn              b - +4 ring of intelligence
MPRegen  0.13/turn              (no ring)

@: swift, quick
A: beak, talons 3, able to fly 1
a: Fly


You were on level 3 of the Dungeon.
You were hungry.

You visited 1 branch of the dungeon, and saw 3 of its levels.

You collected 157 gold pieces.

Inventory:

Hand Weapons
 d - a +0 whip
 w - a +0 war axe of electrocution (weapon)
Missiles
 o - 135 stones (quivered)
Armour
 a - a +0 robe (worn)
 l - a +0 pair of gloves (worn)
 x - a +0 large shield
Jewellery
 b - a +4 ring of intelligence (left hand)
 g - an uncursed ring of positive energy {unknown}
 i - an uncursed ring of stealth {unknown}
 s - an uncursed ring of see invisible {unknown}
Wands
 f - a wand of digging (27)
Scrolls
 h - a scroll of teleportation {unknown}
 j - 2 scrolls of fear {unknown}
 k - a scroll of blinking {unknown}
 n - a scroll of remove curse {unknown}
 q - a scroll of magic mapping {unknown}
 v - a scroll of amnesia {unknown}
Potions
 e - 2 potions of lignification {unknown}
 m - 3 potions of mutation {unknown}
 r - a potion of degeneration {unknown}
 t - 2 potions of curing {unknown}
 u - a potion of might {unknown}
 z - a potion of flight {unknown}
Comestibles
 c - 4 rations
 p - 3 chunks of flesh


   Skills:
 + Level 0.9 Fighting
 + Level 2.5 Dodging
 - Level 2.0 Stealth
 + Level 3.9 Spellcasting
 + Level 5.0 Conjurations
 + Level 6.4 Air Magic


You had 2 spell levels left.
You knew the following spells:

 Your Spells              Type           Power        Failure   Level  Hunger
a - Shock                 Conj/Air       ####         1%          1    None
b - Swiftness             Chrm/Air       ###.....     4%          2    #......
c - Static Discharge      Conj/Air       ####....     3%          3    ###....
d - Airstrike             Air            ####......   9%          4    ####...

Your spell library contained the following spells:

 Spells                   Type           Power        Failure   Level  Hunger
 Lightning Bolt           Conj/Air       ####......   32%         5    ######.


Dungeon Overview and Level Annotations

Branches:
Dungeon (3/15)

Altars:
Nemelex Xobeh

Annotations:
D:3 NoiZ's ghost, amateur DENe


Innate Abilities, Weirdness & Mutations

You have a beak for a mouth.
You have claws for feet.
You can fly.


Message History

NoiZ's ghost is severely damaged.
NoiZ's ghost hits you.
You are electrocuted!
Ouch! That really hurt!
Casting: Shock (safe; 1% risk of failure)
Confirm with . or Enter, or press ? or * to list all spells.
Aiming: Shock (safe; 1% risk of failure)
Press: ? - help, Shift-Dir - straight line, f/p - NoiZ's ghost
Aim: NoiZ's ghost, wielding a weapon of electrocution (severely damaged)
The zap hits NoiZ's ghost.
NoiZ's ghost is severely damaged.
NoiZ's ghost hits you.
* * * LOW HITPOINT WARNING * * *
Casting: Shock (safe; 1% risk of failure)
Confirm with . or Enter, or press ? or * to list all spells.
You feel quick.
You are feeling hungry.
NoiZ's ghost hits you.
* * * LOW HITPOINT WARNING * * *
You are electrocuted!
You die...

#### #.. #.# #
#######.##.##
#......)....#
#.#####@##.## #.#
#W# # # #.#####).
##########.....†.##
............###..#
##########.## #...
# #.# ##.. # #..
... # ####


You could see NoiZ's ghost.

Vanquished Creatures
  Sigmund (D:2)
  2 orc priests
  Jessica (D:3)
  An orc wizard (D:2)
  6 adders
  An adder zombie (D:3)
  3 worms
  A leopard gecko (D:1)
  11 orcs
  A bat (D:1)
  3 giant cockroaches
  9 goblins
  6 hobgoblins
  3 jackals
  4 kobolds
  2 quokkas (D:3)
  2 ball pythons
  5 frilled lizards
  11 rats
73 creatures vanquished.

Vanquished Creatures (others)
  A plant (D:3)
1 creature vanquished.

Grand Total: 74 creatures vanquished

Notes
Turn   | Place    | Note
-------+----------+-------------------------------------------
     0 | D:1      | Oravi the Tengu Air Elementalist began the quest for the Orb.
     0 | D:1      | Reached XP level 1. HP: 10/10 MP: 4/4
   196 | D:1      | Reached XP level 2. HP: 8/15 MP: 4/6
   784 | D:1      | Learned a level 2 spell: Swiftness
   860 | D:2      | Reached XP level 3. HP: 19/19 MP: 4/7
  1012 | D:2      | Found a sparkling altar of Nemelex Xobeh.
  1190 | D:2      | Reached XP level 4. HP: 24/24 MP: 3/9
  1240 | D:2      | Noticed Sigmund
  1244 | D:2      | Reached skill level 5 in Air Magic
  1421 | D:2      | Killed Sigmund
  1421 | D:2      | Reached skill level 6 in Air Magic
  1421 | D:2      | Gained mutation: You can fly. [Tengu growth]
  1421 | D:2      | Reached XP level 5. HP: 28/28 MP: 1/11
  1421 | D:2      | Reached XP level 6. HP: 32/32 MP: 1/12
  1550 | D:2      | Learned a level 3 spell: Static Discharge
  1555 | D:2      | Learned a level 4 spell: Airstrike
  2023 | D:3      | Noticed NoiZ's ghost (amateur DENe)
  2101 | D:3      | Noticed Jessica
  2102 | D:3      | Killed Jessica
  2102 | D:3      | Reached skill level 5 in Conjurations
  2665 | D:3      | HP: 1/33 [NoiZ's ghost (5)]
  2665 | D:3      | Mangled by NoiZ's ghost

Vault maps used:
D:1:      minmay_arrival_diagonal_passages, hangedman_glass_teeth
D:2:      nemelex_altar_shiori, first_ration, minmay_rat_gold_closets,
          uniq_sigmund
D:3:      serial_bayou_ford_a, uniq_jessica, uniq_crazy_yiuf_cottage

Skill      XL: |  1  2  3  4  5  6 |
---------------+-------------------+-----
Conjurations   | 2 3 4 5 |  5.0
Air Magic      | 6 |  6.4
Spellcasting   | 3 |  3.9
Fighting       | |  0.9
Dodging        | |  2.5
Stealth        | |  2.0

Action                   |  1- 3 |  4- 6 || total
-------------------------+-------+-------++-------
Melee: Whip              |    18 |     1 ||    19
       Kick              |     4 |     4 ||     8
       War axe           |       |    11 ||    11
       Peck              |       |     1 ||     1
Throw: Stone             |       |     3 ||     3
 Cast: Shock             |    47 |   102 ||   149
       Swiftness         |       |     1 ||     1
  Eat: Chunk             |     1 |     4 ||     5
Armor: Robe              |     5 |     3 ||     8
Dodge: Dodged            |    11 |    24 ||    35

Table legend:
 A = Spawn XP
 B = Non-spawn XP
 C = Spawn XP percentage of total XP
 D = Spawn monster count
 E = Non-spawn monster count
 F = Spawn count percentage of total count
 G = Total turns spent on level
                    A         B        C        D         E        F      G
               +---------+---------+-------+---------+---------+-------+---------
         Total |       0 |     590 |   0.0 |       0 |      73 |   0.0 |  2665
               +---------+---------+-------+---------+---------+-------+---------
           D:1 |       0 |      32 |   0.0 |       0 |      20 |   0.0 |   953
           D:2 |       0 |     393 |   0.0 |       0 |      27 |   0.0 |   903
           D:3 |       0 |     165 |   0.0 |       0 |      26 |   0.0 |   809
               +---------+---------+-------+---------+---------+-------+---------
